[Event "ChessKid Cup Div-II 2023"]
[Site "Online"]
[Date "2023.05.23"]
[Round "2.3"]
[White "Nguyen, Ngoc Truong Son"]
[Black "Le, Quang Liem"]
[Result "1-0"]
[ECO "E15"]
[WhiteElo "2645"]
[BlackElo "2728"]
[Annotator "TA"]
[PlyCount "125"]
[EventDate "2023.05.21"]
[EventType "k.o."]
[EventCountry "NET"]
[SourceTitle "playchess.com"]
[Source "ChessBase"]
[SourceQuality "1"]
[TimeControl "900+3"]

1. d4 Nf6 2. Nf3 b6 3. c4 e6 4. g3 Ba6 5. b3 Bb7 6. Bg2 Bb4+ 7. Bd2 a5 8. O-O O-O 9. Bg5 Be7 {[%emt 0:01:26] E15: Queen's Indian: 4 g3 sidelines, 4 g3 Ba6 and 4 g3 Bb7 early deviations.} 10. Nc3 h6 11. Bxf6 Bxf6 {[%emt 0:00:00] [#] White is slightly better.} 12. Qc2 $146 ({Predecessor:} 12. e4 d6 13. e5 dxe5 14. dxe5 Be7 15. Qc2 Qc8 16. Rad1 Nc6 17. Nb5 Bc5 18. Qe2 {½-½ Krogius,N (2465)-Rubinetti,J (2455) San Martin 1993 (1)}) 12... g6 13. Rad1 d6 14. e3 Bg7 15. Ne1 c6 16. Nd3 Nd7 17. Rc1 Qb8 18. Rfd1 Rc8 19. a4 d5 20. cxd5 exd5 21. Nf4 Nf6 22. e4 dxe4 23. Nxe4 Nxe4 24. Bxe4 Qd6 25. h4 Ra7 {[%emt 0:01:31] Black is weak on the light squares} (25... Bxd4 $2 26. Ne2 (26. Qc4 Rd8 $16) 26... Bxf2+ 27. Kxf2 Qf6+ 28. Kg1 $18) (25... h5 $11) 26. h5 $1 $14 g5 27. Ng2 Ba8 (27... Bxd4 $2 28. Ne3 Qe5 29. Nf5 $18) (27... Raa8 $14) 28. Ne3 $16 Rac7 29. Qd3 {[%emt 0:00:54] White is more active.} Rd8 (29... Re8 $142) 30. Qa6 Qb4 {[%emt 0:01:17] [#]} (30... Bxd4 $2 31. Nf5 Bb7 32. Qc4 $18 (32. Rxd4 $2 Qxd4 33. Nxh6+ Kf8 $19)) (30... Rb8 $16) 31. Rc4 $1 $18 Qxb3 {[%emt 0:02:14] Threatens to win with ...Bb7.} 32. Rb1 Bb7 $2 {[%emt 0:00:01] Loses the game.} (32... Qa2 $16) 33. Qa7 (33. Qxb6 Qxb6 34. Rxb6 Bxd4 $15) 33... Qa3 34. Qxb6 (34. Rxb6 Ra8 $16) 34... Qe7 35. d5 (35. Bxc6 Bxc6 36. Rxc6 Rxc6 37. Qxc6 Bxd4 $16) 35... c5 (35... Bc8 $142 36. dxc6 (36. Rxc6 Rxc6 37. dxc6 Bd4 $16) (36. Qxa5 Ra7 $16) 36... Be6) 36. Nf5 (36. Qxa5 Bd4 37. Rb3 Bc8 $16) 36... Qe5 37. Nxh6+ (37. Qxa5 Bxd5 38. Rd1 Ra8 39. Qxa8+ (39. Nxh6+ $2 Bxh6 40. Qb6 Bxc4 $19) 39... Bxa8 40. Rd8+ Bf8 41. Nxh6+ (41. Bxa8 $2 Qxf5 42. Kg2 Qf6 $19) 41... Kh8 42. Rxa8 Qe6 43. Rxf8+ Kg7 $16) 37... Kf8 38. Ng4 ({But not} 38. Rxc5 Rcd7 39. Bg2 Bxd5 40. Bxd5 Rxd5 $18) 38... Qd6 39. Qxd6+ ({Not} 39. Qxa5 Bd4 40. Bg2 Bc8 $18) 39... Rxd6 40. Ne3 Ba6 41. Rb8+ Rc8 42. Rxc8+ {[%emt 0:00:03][%mdl 64] Remove Defender} Bxc8 43. Rxc5 Bd7 44. Rxa5 {[%emt 0:00:06] Hoping for Ra8+.} Bd4 45. Nf5 Bxf5 46. Bxf5 {[%emt 0:00:00][%mdl 4096] Endgame KRB-KRB} g4 47. Bxg4 Rf6 {[%emt 0:00:02] [#]} 48. d6 $1 Rxd6 49. Rf5 Kg7 50. Kg2 Rb6 51. a5 Rb2 {[%emt 0:00:02] [#]} 52. h6+ Kg6 $2 (52... Kxh6 {might work better.} 53. Rxf7 Ra2) 53. h7 Ra2 $2 (53... Kxh7 54. Rxf7+ Kg6) 54. Rf4 Be5 55. Bf5+ Kg5 56. Rf3 (56. Bb1 $142 Rxa5 57. Rf5+ Kh6 58. h8=Q+ Bxh8 59. Rxa5 Bd4 60. Rd5 Bb2 61. Rd7) 56... Rxa5 57. Bd3 Kh6 58. Rxf7 {[%emt 0:00:03] White wants to mate with f4.} Ra8 59. f4 {[%emt 0:00:03] White mates.} Bg7 60. Kh3 Rd8 61. Bf5 Ra8 62. Kh4 Ra1 {[%emt 0:00:02] [#]} 63. h8=Q+ $1 {[%emt 0:00:01] Weighted Error Value: White=0.30/Black=0.60} 1-0

[Event "ChessKid Cup Div-II 2023"]
[Site "Online"]
[Date "2023.05.23"]
[Round "2.3"]
[White "Sadhwani, Raunak"]
[Black "Alekseenko, Kirill"]
[Result "1-0"]
[ECO "C54"]
[WhiteElo "2627"]
[BlackElo "2686"]
[Annotator "TA"]
[PlyCount "93"]
[EventDate "2023.05.21"]
[EventType "k.o."]
[EventCountry "NET"]
[SourceTitle "playchess.com"]
[Source "ChessBase"]
[SourceQuality "1"]
[TimeControl "900+3"]

1. e4 e5 2. Nf3 Nc6 3. Bc4 Nf6 4. d3 Bc5 5. O-O d6 6. Re1 h6 7. c3 Bb6 {[%emt 0:00:03] C54: Giuoco Piano: 4 c3 Nf6, main lines with 5 d4 and 5 d3.} 8. Nbd2 O-O 9. h3 {[%emt 0:00:15] 9.b4 is a critical line.} Ne7 {[%emt 0:00:04] The position is equal.} 10. d4 Nc6 11. dxe5 {[%emt 0:00:27] [#]} dxe5 $146 ({Predecessor:} 11... Nxe5 12. Nxe5 dxe5 13. Qe2 Qe7 14. Nf3 Kh7 15. Be3 g6 16. Rad1 c6 17. a4 Nh5 {0-1 Sevian,S (2668)-Oparin,G (2604) Lindores Abbey Blitz Tal Memorial 2021 (6.11)}) 12. Bb5 Qe7 13. a4 Be6 (13... Qc5 14. Qe2 $16) 14. Qe2 Nh5 15. Nc4 (15. Bxc6 {is interesting.} Nf4 16. Qf1 bxc6 17. a5) 15... Bxc4 16. Bxc4 a5 17. Kh2 (17. g4 $16 Nf4 18. Bxf4 exf4 19. e5) 17... Rad8 18. g3 Qf6 19. Kg2 Ne7 20. Nh2 Ng6 {[%emt 0:00:40] This costs Black the game.} 21. Ng4 (21. Qxh5 $2 Qxf2+ 22. Kh1 Qxe1+ $19) 21... Qc6 22. Bb5 Qc5 23. Be3 Qe7 {[%emt 0:00:23] [#]} 24. Nxh6+ $1 {[%emt 0:00:24][%mdl 576] Discovered Attack} gxh6 25. Qxh5 Bxe3 26. Rxe3 Rd2 (26... Qg5 $16 27. Qxg5 hxg5) 27. Re2 (27. Qxh6 $2 Qf6 28. Rf3 (28. Re2 $2 Rxe2 $19) 28... Nf4+ 29. Rxf4 Qxh6 $19) 27... Rfd8 (27... Rd6 $142 28. Ree1 (28. Qxh6 $2 Nf4+ $19) 28... Qg5 29. Qxg5 hxg5) 28. Qxh6 $18 R2d6 {[%emt 0:00:23][%cal Og6f4] Strongly threatening ...Nf4+!} 29. Qe3 {[%emt 0:00:53] Against Nf4+} Qe6 30. Rc2 (30. Qg5 c6 $11) 30... c6 31. Be2 Qb3 32. Qc1 Kg7 33. Ra3 Qb6 {[%emt 0:00:02] [#]} 34. b4 $1 axb4 35. Rb3 ({Don't do} 35. a5 Qc5 36. Rb3 (36. cxb4 Qxb4 37. Rc4 Qd2 $18) 36... Qxa5 37. Rxb4 b5 $18) 35... Rf6 36. Bh5 (36. Rxb4 $2 {perishes.} Qxf2+ 37. Kh1 Qxg3 $19) 36... c5 37. Bxg6 Rxg6 38. cxb4 cxb4 39. Rcb2 Rd4 40. Qe1 Qa5 41. h4 (41. Rxb4 $2 {too greedy.} Rb6 42. Qe3 Rdxb4 $19) 41... Rb6 42. Qe3 Kf8 $2 (42... Qc5 {was worth a try.} 43. Rd2 Kh7) 43. Rc2 {[%emt 0:00:41] aiming for Rc8+.} Qxa4 (43... Rg6 $142 44. h5 Re6) 44. Rc8+ Ke7 45. Qg5+ {[%emt 0:00:02] White mates.} Kd7 46. Qd8+ Ke6 47. Qxb6+ {[%emt 0:00:00] Weighted Error Value: White=0.17 (very precise) /Black=0.44} 1-0

[Event "ChessKid Cup Div-II 2023"]
[Site "Online"]
[Date "2023.05.23"]
[Round "2.4"]
[White "Alekseenko, Kirill"]
[Black "Sadhwani, Raunak"]
[Result "0-1"]
[ECO "B13"]
[WhiteElo "2686"]
[BlackElo "2627"]
[Annotator "TA"]
[PlyCount "90"]
[EventDate "2023.05.21"]
[EventType "k.o."]
[EventCountry "NET"]
[SourceTitle "playchess.com"]
[Source "ChessBase"]
[SourceQuality "1"]
[TimeControl "900+3"]

1. d4 Nf6 2. Nc3 d5 3. Bf4 c5 4. e3 cxd4 5. exd4 Bg4 6. f3 {[%emt 0:00:05] B13: Caro-Kann: Exchange Variation and Panov-Botvinnik Attack.} Bd7 7. Bd3 Nc6 8. Nge2 {[%emt 0:00:03] The position is equal.} Qb6 9. Qd2 Nb4 (9... Nxd4 10. Nxd4 Qxd4 11. Nb5 Qxb2 12. O-O Bxb5 13. Rfb1 $16 (13. c3 $2 Qxd2 14. Bxb5+ Kd8 $17)) 10. O-O e6 {[%emt 0:00:09] [#]} 11. Kh1 $146 ({Predecessor:} 11. a4 Nxd3 12. Qxd3 Be7 13. a5 Qd8 14. a6 b6 15. Ng3 O-O 16. Kh1 Rc8 17. b3 {0-1 Correa de Almeida,C (1571)-Kolanek,S (2009) OP-2017-0-04398}) 11... Rc8 12. Be5 Be7 13. Rae1 O-O 14. f4 Nxd3 15. cxd3 Ng4 (15... Qd8 $17) 16. f5 $1 $15 Bh4 (16... exf5 17. Nxd5 Qd8 18. Nxe7+ Qxe7 19. Nc3 $11) (16... Qd8 {simplifies} 17. fxe6 fxe6 18. Bf4 b5) 17. f6 Bxf6 (17... Bxe1 18. Qg5 g6 19. Rxe1 $16) (17... gxf6 $5 18. Bxf6 Nxf6 $11) 18. Bxf6 Nxf6 {[%emt 0:00:00] [#]} (18... gxf6 $2 19. h3 $18) 19. Rxf6 gxf6 20. Rf1 $2 (20. Qh6 $1 $14 {is the one way to stay ahead.} Qxb2 21. Qxf6) 20... Kh8 $1 $17 21. Rxf6 {[%emt 0:00:46] [#]} Rg8 (21... Be8 $1 $17 {...Rg8 is the strong threat.} 22. Nxd5 Qd8) 22. Rxf7 $15 {[%emt 0:00:26] Qh6 would kill now.} Rg7 23. Rxg7 Kxg7 24. h3 (24. Qg5+ $11 {was preferrable.} Kf8 25. Qf6+ Ke8 26. Qh8+ Ke7 27. Qxh7+ (27. Qg7+ Kd6 $17) 27... Kd6 28. b3) 24... Qd8 {[%emt 0:00:44] Black is more active.} 25. Ng1 Qf6 26. Nf3 Rf8 27. Ne2 Qh6 {[%emt 0:00:25] White must now prevent ...Qxd2.} (27... Be8 $5 ) 28. Qb4 Rxf3 {[%emt 0:00:06][%mdl 64] Deflection} 29. gxf3 Qxh3+ $11 {[%emt 0:00:01][%mdl 4096] Endgame KQB-KQN} 30. Kg1 {[%emt 0:00:01] Hoping for Qe7+.} Qxf3 31. Nc3 (31. Qxb7 $11 {and White is okay.} Qxe2 32. Qxd7+ Kh6 33. Qxa7) 31... Qg3+ ({Not} 31... Qxd3 32. Qe7+ Kg6 33. Qxd7 Qxd4+ 34. Kf1 $11) 32. Kf1 {[%emt 0:00:02] Qe7+ would be deadly.} Qxd3+ 33. Ke1 Qe3+ 34. Ne2 Be8 $2 (34... Bc6 $19 {And now ...Kg6 would win.} 35. b3 Kf7) 35. Qxb7+ Kf6 36. Qxh7 Bb5 37. Qh4+ Kf5 38. Qh7+ Kf6 39. Qh4+ Kf5 40. Qh5+ Kf6 {[%emt 0:00:00] aiming for ...Bxe2.} 41. b4 $2 {[%emt 0:00:38][%mdl 8192] [#]} (41. Qh4+ $11 {and White stays safe.} Kg6 42. Qg4+ Kf7 43. Qf4+ Qxf4 44. Nxf4) 41... Bxe2 $1 $19 42. Qxe2 Qxd4 43. b5 $2 (43. Qf3+ $19 Ke5 44. Qg3+ Ke4 45. Qg4+ Kd3 46. Qe2+ Kc3 47. Qxe6) 43... Qe5 {[%emt 0:00:07] Black mates.} 44. a4 Qxe2+ 45. Kxe2 Ke5 {[%emt 0:00:01] Weighted Error Value: White=0.48/Black=0.18 (very precise)} 0-1

[Event "ChessKid Cup Div-II 2023"]
[Site "Online"]
[Date "2023.05.23"]
[Round "2.4"]
[White "Fedoseev, Vladimir"]
[Black "Anton Guijarro, David"]
[Result "1-0"]
[ECO "E51"]
[WhiteElo "2680"]
[BlackElo "2690"]
[Annotator "TA"]
[PlyCount "55"]
[EventDate "2023.05.21"]
[EventType "k.o."]
[EventCountry "NET"]
[SourceTitle "playchess.com"]
[Source "ChessBase"]
[SourceQuality "1"]
[TimeControl "900+3"]

1. d4 Nf6 2. c4 e6 3. Nf3 d5 4. e3 Be7 5. Nc3 O-O 6. a3 c6 7. Bd3 dxc4 8. Bxc4 c5 9. O-O a6 {[%emt 0:00:21] E51: Nimzo-Indian: Rubinstein: 4...0-0 5 Nf3 d5.} 10. dxc5 Bxc5 11. b4 {[%emt 0:00:51] 11.Qe2 gains popularity.} Bd6 {[%emt 0:01:08] [#] The position is equal.} 12. Bd3 $146 ({Predecessor:} 12. Bb2 Qc7 13. Bb3 b5 14. Rc1 Qb6 15. Qd4 Qxd4 16. Nxd4 Bb7 17. Rfd1 Rd8 18. Ndxb5 axb5 19. Nxb5 {1-0 Staak,R (2126)-Bernhard,R (1728) Hamburg-ch MA 2018 (1)}) 12... Qe7 13. Bb2 Rd8 14. Qc2 Nbd7 15. Rfd1 a5 {[%emt 0:01:01] [#]} (15... h6 $14) 16. Nb5 $1 $16 Bb8 17. bxa5 {[%emt 0:01:10] White is much more active.} e5 {[%emt 0:01:08] Black cannot hold the game after this.} (17... Nf8 $16 {is a better defense.}) 18. Bc4 $18 e4 19. Ng5 Rf8 20. Bxf7+ Kh8 21. Be6 {[%emt 0:01:25][%cal Og5f7] Nf7+! would be deadly.} Ra6 $2 (21... h6) 22. Nd4 Nc5 23. Bxc8 ({Weaker is} 23. Nf7+ Kg8 24. Nh6+ Kh8 25. Bxc8 (25. Nf7+ Kg8 $16) 25... Rxc8 $16) 23... Rxc8 24. Nf5 Qc7 {[%emt 0:00:09] [#]} (24... Qf8 25. Rac1 Rac6) 25. Be5 $1 {[%emt 0:00:52][%mdl 576] Decoy} Qxa5 26. Ne7 Rf8 {[%emt 0:00:07] Against Nf7+} 27. Bxb8 (27. Qxc5 $142 {[%cal Oe7g6] White threatens Ng6+! and mate.} g6 28. Nxg6+ {[%mdl 64] Discovered Attack, Double Attack} Kg7 29. Qxf8+ Kxg6 30. Bxf6 Bxh2+ 31. Kh1 Rxf6 32. Qg8+ Kh5 33. g4+ {[%mdl 64] Decoy} Kxg4 34. Nxh7+ Kh4 35. Nxf6) 27... Nd3 {[%emt 0:00:22] [#]} 28. Nf7+ $1 {[%emt 0:00:14] An entertaining game by Fedoseev.   Weighted Error Value: White=0.38/Black=0.74} 1-0

[Event "ChessKid Cup Div-II 2023"]
[Site "Online"]
[Date "2023.05.24"]
[Round "3.1"]
[White "Nguyen, Ngoc Truong Son"]
[Black "Oparin, Grigoriy"]
[Result "1-0"]
[ECO "E05"]
[WhiteElo "2645"]
[BlackElo "2667"]
[Annotator "TA"]
[PlyCount "60"]
[EventDate "2023.05.21"]
[EventType "k.o."]
[EventCountry "NET"]
[SourceTitle "playchess.com"]
[Source "ChessBase"]
[SourceQuality "1"]
[TimeControl "900+3"]

1. d4 Nf6 2. Nf3 d5 3. c4 e6 4. g3 Be7 5. Bg2 O-O 6. O-O dxc4 7. Qc2 a6 8. a4 Bd7 9. Qxc4 Bc6 10. Bg5 Nbd7 {[%emt 0:00:01] E05: Open Catalan: 5 Nf3 Be7.} 11. e3 $5 {[%emt 0:00:05][%mdl 4] An interesting side line.} h6 12. Bxf6 Nxf6 {[%emt 0:00:00] The position is equal.} 13. Nbd2 Rc8 14. Rfc1 {[%emt 0:01:00] [#]} Qe8 $146 ({Predecessor:} 14... Ne4 15. Nxe4 Bxe4 16. b4 Qd5 17. Qxd5 exd5 18. b5 axb5 19. axb5 Ra8 20. Ne5 Bxg2 21. Kxg2 {1-0 Garriga Cazorla,P (2478)-Farran Martos,F (2424) Catalunya-ch 2021 (8)}) 15. Qb3 Bd5 {[%emt 0:00:47] A strong pair of Bishops.} 16. Qd3 Bc6 17. b3 b5 (17... Nd5 $11) 18. Ne5 $16 Bxg2 19. Kxg2 c5 20. axb5 axb5 21. Ndf3 Rc7 {[%emt 0:01:10] Wards off Ra7} 22. dxc5 Bxc5 23. Ra5 {[%emt 0:01:25][%cal Ba1a5,Ba5b5,Bb5b7][%mdl 32] Against b4. White has more active pieces.} Bb6 24. Rxc7 ({Worse is} 24. Rxb5 Rxc1 25. Rxb6 Qa8 $17) 24... Bxc7 25. Rxb5 Qa8 {[%emt 0:00:01] [#]} (25... Bxe5 $142 26. Rxe5 (26. Nxe5 Qa8+ 27. Nf3 Rd8 $16) 26... Qa8) 26. Nd7 $1 {[%emt 0:00:27] White is clearly better.} Nxd7 27. Qxd7 Bd8 28. Rb7 {[%emt 0:00:24] b4 is the strong threat.} Bf6 29. b4 {[%emt 0:00:09] Hoping for b5.} g5 (29... Qc8 $16) 30. h3 {[%emt 0:00:18] Strongly threatening b5.} h5 {[%emt 0:00:05] Weighted Error Value: White=0.07 (flawless) /Black=0.19 (very precise)} (30... Qc8 $142) 1-0

[Event "ChessKid Cup Div-II 2023"]
[Site "Online"]
[Date "2023.05.24"]
[Round "3.2"]
[White "Oparin, Grigoriy"]
[Black "Nguyen, Ngoc Truong Son"]
[Result "1-0"]
[ECO "C43"]
[WhiteElo "2667"]
[BlackElo "2645"]
[Annotator "TA"]
[PlyCount "195"]
[EventDate "2023.05.21"]
[EventType "k.o."]
[EventCountry "NET"]
[SourceTitle "playchess.com"]
[Source "ChessBase"]
[SourceQuality "1"]
[TimeControl "900+3"]

1. e4 e5 2. Nf3 Nf6 3. d4 Nxe4 4. Bd3 d5 5. Nxe5 Nd7 6. Nc3 Nxe5 7. dxe5 Nxc3 8. bxc3 Bc5 9. O-O O-O 10. Rb1 c6 11. Re1 Qh4 12. Be3 b6 13. h3 Be6 14. Qf3 Rad8 15. Bxc5 bxc5 16. Rb7 Qg5 17. c4 (17. Rxa7 c4 18. h4 Qxh4 $17) (17. Qe3 {simplifies} Qxe3 18. fxe3 c4 19. Be2) 17... dxc4 18. Be4 g6 19. Bxc6 (19. Rxa7 Qxe5 20. Qe3 Ra8 21. Rxa8 Rxa8 $17) 19... Qd2 20. Re2 Qd1+ 21. Kh2 Rd2 22. Rxd2 Qxd2 23. c3 (23. Rxa7 Qxc2 24. Qe3 Qb2 $15) 23... Qxa2 24. Qe3 a5 25. Ra7 (25. Qxc5 Qd2 $15) 25... Qb1 26. Be4 (26. Rxa5 $2 Qb6 27. Qxc5 (27. Rxc5 $2 Rc8 $19) 27... Qxc5 28. Rxc5 Rc8 $17) 26... Qb8 (26... Qb6 $11 27. Rb7 Qd8) 27. Qxc5 $14 Rc8 28. Qxa5 (28. Qd4 $5 Qb5 29. f4 $14) 28... Qb2 29. Kg3 Qd2 30. Ra8 g5 31. Rxc8+ Bxc8 32. Kh2 Qf4+ (32... Qxf2 $2 33. Qd8+ Kg7 34. Qxg5+ (34. Qxc8 Qf4+ 35. g3 Qxe4 $11) 34... Kf8 35. Qd8+ Kg7 36. Qg5+ Kf8 37. Bxh7 $18) 33. g3 Qxf2+ ({Don't do} 33... Qxe4 34. Qd8+ Kg7 35. Qf6+ (35. Qxc8 Qf3 $11) 35... Kf8 36. Qh8+ (36. Qxg5 $2 Qd5 $19) 36... Ke7 37. Qxc8 $14) 34. Bg2 Kg7 35. e6 Bxe6 36. Qxg5+ Kf8 37. Qe5 Kg8 38. h4 Qd2 39. Qf6 h6 40. Qe5 Kf8 41. Kg1 Qc1+ 42. Kf2 Qd2+ 43. Kf1 Qd1+ 44. Qe1 Qd3+ 45. Kf2 Qc2+ 46. Kg1 Qd3 47. Qe5 Qd1+ 48. Bf1 Bh3 49. Qc5+ Kg8 50. Qxc4 Bxf1 51. Qxf1 Qd2 (51... Qd5 $1 $11) 52. Qf3 $16 Qc2 53. Qe3 Kg7 54. Qd4+ f6 55. c4 h5 56. c5 Kg6 57. Qf2 (57. Kf1 $16) 57... Qe4 58. Kh2 Qc4 $1 59. Qe3 Qc2+ 60. Kg1 Kf7 61. Kf1 Qc4+ 62. Kf2 Qc2+ 63. Ke1 Qc4 64. Kd1 Qa4+ 65. Kd2 Qa2+ ({Resist} 65... Qc4 66. Qc3 Qd5+ 67. Kc1 $16) 66. Kc3 Qa3+ $1 67. Kd4 Qa4+ 68. Kd5 Qd7+ 69. Ke4 Qa4+ $2 (69... Qc6+ $11 {and Black is okay.} 70. Kf4 Qc8) 70. Qd4 $18 Qe8+ 71. Kd3 Qc6 72. Kc3 Kg7 $2 (72... Ke7 73. Kd3 Qc7) 73. Qd6 $18 Qf3+ 74. Kb4 Qb7+ 75. Ka5 Qa7+ 76. Kb5 Qb7+ 77. Qb6 Qd5 78. Qc7+ Kg6 79. Qf4 Qb7+ 80. Kc4 Qa6+ 81. Kd5 Qb5 82. Qe4+ Kg7 83. Qe7+ Kg6 84. Qe6 Qb3+ $2 (84... Qd3+ $11 85. Kc6 Qa6+ 86. Kd7 Qa7+ 87. Kd6 Qb8+ 88. Kc6 Qa8+ 89. Kb5 Qb8+ 90. Ka5 Qc7+ 91. Kb5 Qb8+ 92. Ka5 Qa7+ 93. Kb4 Qb8+ 94. Kc4 Qa8) 85. Kd6 $18 Qxg3+ (85... Qb8+ $142 86. Kc6 Qa8+ 87. Kb5 Qb7+ 88. Kc4 Qa8) 86. Kd7 $18 Qd3+ 87. Ke8 Qb5+ 88. c6 Qa4 89. Qd5 Qa8+ 90. Kd7 Kg7 91. Qd4 Kf7 92. Qc4+ Kf8 93. c7 Qe8+ 94. Kd6 Qc8 95. Qc6 f5 96. Ke5 Ke7 97. Qd6+ Ke8 98. Qe6+ 1-0

[Event "ChessKid Cup Div-II 2023"]
[Site "Online"]
[Date "2023.05.24"]
[Round "3.2"]
[White "Sadhwani, Raunak"]
[Black "Fedoseev, Vladimir"]
[Result "0-1"]
[ECO "D12"]
[WhiteElo "2627"]
[BlackElo "2680"]
[Annotator "TA"]
[PlyCount "110"]
[EventDate "2023.05.21"]
[EventType "k.o."]
[EventCountry "NET"]
[SourceTitle "playchess.com"]
[Source "ChessBase"]
[SourceQuality "1"]
[TimeControl "900+3"]

1. d4 d5 2. c4 c6 3. Nf3 Nf6 4. e3 Bf5 5. Nc3 e6 6. Nh4 Bg6 7. Qb3 {[%emt 0:00:08] D12: Slav Defence: 3 Nf3 Nf6 4 e3 Bf5.} Qc7 8. Nxg6 hxg6 9. Bd2 {[%emt 0:00:05] White is slightly better.} Nbd7 10. Rc1 Nb6 11. g3 Nxc4 12. Bxc4 dxc4 13. Qxc4 {[%emt 0:00:00] [#]} Be7 $146 ({Predecessor:} 13... Qd7 14. e4 Rd8 15. Be3 b5 16. Qd3 Ng4 17. Qe2 Nxe3 18. fxe3 e5 19. d5 b4 20. dxc6 Qxc6 {1-0 Shankland,S (2597)-Holt,C (2496) USA tt ICC INT 2012 (2)}) 14. O-O Qd7 (14... Ng4 $5 15. h4 Bxh4 $11) 15. Qe2 (15. Rfd1 $11) 15... e5 $15 16. h4 (16. f3 $15) 16... Qh3 $17 (16... exd4 $6 17. exd4 O-O 18. Be3 $11) 17. Qf3 (17. Rfd1 $17 {was worth a try.}) 17... exd4 $19 (17... Rxh4 18. Qg2 Qxg2+ 19. Kxg2 $17) 18. exd4 Rxh4 {[%emt 0:00:12][%csl Gh4][%cal Rh3h2][%mdl 64] Pin} 19. Rfe1 {[%emt 0:00:16][%cal Oe1e7] [#]} Qh2+ $1 ({Don't take} 19... Rxd4 20. Rxe7+ Kxe7 21. Qe3+ Kf8 22. Qxd4 $16) 20. Kf1 Qh1+ (20... Rxd4 $19 21. Be3 (21. Rxe7+ $2 Kxe7 22. Qe3+ Re4 $19 {[%mdl 64] Decoy}) 21... Rd7) 21. Qxh1 $17 Rxh1+ 22. Kg2 Rxe1 23. Rxe1 Kd7 24. Bg5 Bb4 25. Bxf6 gxf6 {[%emt 0:00:03][%mdl 4096] Endgame KRB-KRN} 26. Kf3 Rh8 27. Rd1 (27. a3 $17 {was necessary.} Be7 28. Ne4) 27... Bxc3 $19 28. bxc3 {[%emt 0:00:01] KR-KR} Rh5 29. Rb1 b6 30. a4 Kd6 31. Ke3 Ra5 32. Rb4 c5 (32... f5 $19 33. Kd3 Ke6) 33. dxc5+ $17 Rxc5 34. Kd3 Rd5+ 35. Kc2 Rf5 36. Rd4+ Kc6 37. Rc4+ Kb7 (37... Kd5 $142 38. Rd4+ Ke6 39. Re4+ Kd5 40. Rd4+ Ke6 41. Re4+ Re5) 38. f4 Rd5 39. Re4 $1 Kc6 40. Re7 Rd7 41. Re4 f5 42. Re3 a5 ({Black should try} 42... Kc5 $17) 43. Kb3 Rd6 (43... Kc5 $15) 44. Re7 $1 $11 Rd3 45. Rxf7 Kd5 ({Don't play} 45... Rxg3 46. Kc4) 46. Rf6 $2 (46. Rd7+ $1 $11 {and White stays safe.} Ke4 47. Re7+ Kf3 48. Re6) 46... Rxg3 $19 47. Rxb6 Ke4 48. Ra6 (48. Kc2 $142 Kxf4 49. c4) 48... Kxf4 49. Rxa5 g5 50. Ra8 g4 {[%emt 0:00:04] And now ...Rg1 would win.} 51. a5 Rg1 {[%emt 0:00:07] ( -> ...g3)} 52. a6 Ra1 53. a7 g3 54. c4 Rb1+ (54... g2 $142 55. Rg8 Kf3) 55. Kc2 {[%emt 0:00:14] [#]} Rb7 $1 {[%emt 0:00:02] Weighted Error Value: White=0.81/Black=0.22 (precise)} 0-1

[Event "ChessKid Cup Div-II 2023"]
[Site "Online"]
[Date "2023.05.24"]
[Round "3.3"]
[White "Fedoseev, Vladimir"]
[Black "Sadhwani, Raunak"]
[Result "1/2-1/2"]
[ECO "B22"]
[WhiteElo "2680"]
[BlackElo "2627"]
[Annotator "TA"]
[PlyCount "41"]
[EventDate "2023.05.21"]
[EventType "k.o."]
[EventCountry "NET"]
[SourceTitle "playchess.com"]
[Source "ChessBase"]
[SourceQuality "1"]
[TimeControl "900+3"]

1. e4 c5 2. Nf3 e6 3. c3 Nf6 4. e5 Nd5 5. d4 cxd4 6. cxd4 d6 7. Bc4 Be7 8. O-O {[%emt 0:00:02] B22: Sicilian: 2 c3.} O-O 9. Qe2 b6 10. Rd1 Bb7 11. Bxd5 exd5 {[%emt 0:00:00] The position is equal.} 12. Nc3 Na6 13. Bf4 Nc7 14. Rac1 Ne6 15. exd6 Bxd6 16. Bxd6 Qxd6 17. Qe5 Qd7 {[%emt 0:00:02] [#]} 18. Ng5 $146 ({Predecessor:} 18. Qf5 Rad8 19. Re1 Nc7 20. Nh4 Bc8 21. Qf4 Ne6 22. Qd2 g6 23. Nf3 f6 24. Re3 {1-0 Yatzenko,A (2361)-Neiksans,A (2627) PRO League Eastern rapid 2017 (3)}) 18... Rfe8 {[%emt 0:00:03] [#] And now ...f6 would win.} 19. Qf5 g6 $1 ({Don't play} 19... Nf8 20. Qxd7 Nxd7 21. Nb5 $14) 20. Qh3 h5 21. Re1 {[%emt 0:00:13] An uneventful encounter.   Weighted Error Value: White=0.05 (flawless) /Black=0.04 (flawless)} 1/2-1/2